 Dungeon Crawl Stone Soup version 0.23.2-33-g5129a83 (webtiles) character file.

Game seed: 14783762103495117826

84 Aphrodieselac the Sneak (level 4, -2/26 HPs)
             Began as a Kobold Assassin on Aug 2, 2019.
             Slain by a gnoll (6 damage)
             ... on level 3 of the Dungeon.
             The game lasted 00:06:50 (2009 turns).

Aphrodieselac the Sneak (Kobold Assassin)           Turns: 2009, Time: 00:06:51

Health: -2/26      AC:  3    Str:  8    XL:     4   Next: 72%
Magic:  4/4        EV: 14    Int: 12    God:
Gold:   134        SH:  0    Dex: 17    Spells: 3/3 levels left

rFire    . . .     SeeInvis .   a - +2 dagger
rCold    . . .     Gourm    .   (shield restricted)
rNeg     . . .     Faith    .   c - +0 robe
rPois    .         Spirit   .   (no helmet)
rElec    .         Reflect  .   d - +0 cloak
rCorr    .         Harm     .   (no gloves)
MR       .....                  (no boots)
Stlth    ++++......             (no amulet)
HPRegen  0.08/turn              (no ring)
MPRegen  0.09/turn              (no ring)

@: no status effects
A: small, carnivore
a: no special abilities


You were on level 3 of the Dungeon.
You were very full.

You visited 1 branch of the dungeon, and saw 3 of its levels.

You collected 134 gold pieces.

Inventory:

Hand Weapons
 a - a +2 dagger (weapon)
 b - a +0 blowgun
Missiles
 e - 8 poisoned needles
 f - 2 curare-tipped needles
Armour
 c - a +0 robe (worn)
 d - a +0 cloak (worn)
Jewellery
 i - an uncursed amulet of the acrobat {unknown}
 m - a cursed ring of attention {unknown}
Scrolls
 h - 2 scrolls of remove curse {unknown}
 j - a scroll of noise {unknown}
 k - 2 scrolls of identify {unknown}
 l - a scroll of teleportation {unknown}
 o - 2 scrolls of amnesia {unknown}
Potions
 n - a potion of heal wounds {unknown}
 p - a potion of curing {unknown}
Comestibles
 g - 4 rations
 q - a chunk of flesh


   Skills:
 - Level 2.1 Fighting
 + Level 4.1 Short Blades
 - Level 2.1 Throwing
 - Level 1.2 Dodging
 * Level 7.2 Stealth


You had 3 spell levels left.
You didn't know any spells.
Your spell library was empty.

Dungeon Overview and Level Annotations

Branches:
Dungeon (3/15)

Altars:
Sif Muna


Innate Abilities, Weirdness & Mutations

You are small and have problems with some larger weapons.
You are carnivorous and can eat meat at any time.


Message History

The gnoll is severely wounded.
The gnoll barely misses you.
You barely miss the gnoll.
The gnoll is severely wounded.
You hit the gnoll but do no damage.
The gnoll is severely wounded.
The gnoll closely misses you.
You barely miss the gnoll.
The gnoll is severely wounded.
The gnoll hits you!
* * * LOW HITPOINT WARNING * * *
You hit the gnoll but do no damage.
The gnoll is severely wounded.
The gnoll hits you.
* * * LOW HITPOINT WARNING * * *
You closely miss the gnoll.
The gnoll is heavily wounded.
The gnoll closely misses you. The gnoll hits you.
You die...

#......##.................
#....#..............######
#....#..........g...# ###
#....#..............# ### #..
#....##.............# #..
#.######...................# #..
#.##.#.+.................######..
#....#.#.........##g#............
........รท##....#@##)#............
.........##....#.g#g#............
.........########)#.#.[..........
........... #...#........##..
.......##### ##..########)##..
######## #.>.............
########..#.##.. #..#.##..
#########################..#.##..


You could see a gnoll.

Vanquished Creatures
  2 adders (D:2)
  A gnoll (D:3)
  An ooze (D:1)
  A dart slug (D:2)
  A leopard gecko (D:1)
  8 bats
  5 giant cockroaches
  4 goblins
  4 hobgoblins
  7 jackals
  A kobold (D:1)
  2 quokkas
  5 frilled lizards
  4 rats (D:1)
46 creatures vanquished.

Notes
Turn   | Place    | Note
-------+----------+-------------------------------------------
     0 | D:1      | Aphrodieselac the Kobold Assassin began the quest for the
                  | Orb.
     0 | D:1      | Reached XP level 1. HP: 12/12 MP: 1/1
   114 | D:1      | Reached XP level 2. HP: 9/17 MP: 2/2
   248 | D:1      | Reached skill level 6 in Stealth
   672 | D:1      | Reached XP level 3. HP: 18/21 MP: 3/3
  1271 | D:2      | Reached XP level 4. HP: 26/26 MP: 4/4
  1433 | D:2      | Found a deep blue altar of Sif Muna.
  1625 | D:2      | Reached skill level 7 in Stealth
  2009 | D:3      | Slain by a gnoll

Skill      XL: |  1  2  3  4 |
---------------+-------------+-----
Short Blades   | 3 4 |  4.1
Stealth        | 6 7 |  7.2
Fighting       | |  2.1
Throwing       | |  2.1
Dodging        | |  1.2

Action                   |  1- 3 |  4- 6 || total
-------------------------+-------+-------++-------
Melee: Dagger            |    91 |    68 ||   159
 Fire: Blowgun           |     1 |       ||     1
 Stab: Sleeping          |     9 |     8 ||    17
  Eat: Chunk             |     7 |     4 ||    11
Armor: Robe              |    17 |    10 ||    27
Dodge: Dodged            |    83 |    39 ||   122
